 Dungeon Crawl Stone Soup version 0.22.1-2-g9c5b331383 (webtiles) character file.

437 Knorrr the Chopper (level 6, -4/56 HPs)
             Began as a Minotaur Berserker on Dec 30, 2018.
             Was a Believer of Trog.
             Slain by an ice beast (12 damage)
             ... on level 5 of the Dungeon.
             The game lasted 00:21:09 (2343 turns).

Knorrr the Chopper (Minotaur Berserker)             Turns: 2343, Time: 00:21:09

Health: -4/56      AC: 10    Str: 23    XL:     6   Next: 69%
Magic:  5/5        EV: 11    Int:  4    God:    Trog [**....]
Gold:   81         SH:  0    Dex: 10    Spells: 5/5 levels left

rFire    . . .     SeeInvis .   a - +0 hand axe
rCold    . . .     Gourm    .   (no shield)
rNeg     . . .     Faith    .   p - +0 scale mail
rPois    .         Spirit   .   (helmet restricted)
rElec    .         Reflect  .   (no cloak)
rCorr    .         Harm     .   d - +0 pair of gloves
MR       .....                  (no boots)
Stlth    ..........             (no amulet)
HPRegen  0.18/turn              h - +2 ring of protection
MPRegen  0.09/turn              (no ring)

@: no status effects
A: retaliatory headbutt, horns 2
a: Berserk, Trog's Hand, Renounce Religion


You were on level 5 of the Dungeon.
You worshipped Trog.
Trog was pleased with you.
You were not hungry.

You visited 1 branch of the dungeon, and saw 5 of its levels.
You also visited: Sewer.

You collected 81 gold pieces.

Inventory:

Hand Weapons
 a - a +0 hand axe (weapon)
 k - a +0 club
Missiles
 e - 25 poisoned needles
 l - 36 stones (quivered)
 m - 22 bolts
Armour
 d - a +0 pair of gloves (worn)
 p - a +0 scale mail (worn)
 q - a +0 ring mail
Jewellery
 h - a +2 ring of protection (left hand)
Wands
 i - a wand of polymorph (11)
Scrolls
 n - a scroll of identify
 o - 2 scrolls of teleportation
Potions
 b - a potion of berserk rage {unknown}
 f - a potion of magic {unknown}
 g - 2 potions of brilliance
Comestibles
 c - 4 rations
 j - 4 chunks of flesh


   Skills:
 + Level 5.3 Fighting
 + Level 6.2 Axes
 + Level 4.1 Armour
 + Level 3.6 Dodging
 + Level 1.0 Stealth
 + Level 0.9 Unarmed Combat
 + Level 0.3 Evocations


You had 5 spell levels left.
You didn't know any spells.
Your spell library was empty.

Dungeon Overview and Level Annotations

Branches:
Dungeon (5/15)
 Temple: D:4-7

Altars:
Ashenzari


Innate Abilities, Weirdness & Mutations

You reflexively headbutt those who attack you in melee.
You have a pair of horns on your head.


Message History

You hit the ice beast.
The ice beast is moderately wounded.
You hit the killer bee zombie.
The killer bee zombie barely misses you.
You furiously retaliate!
You headbutt the killer bee zombie. The killer bee zombie misses you.
You furiously retaliate!
You headbutt the killer bee zombie!
You destroy the killer bee zombie!
Trog accepts your kill.
Your Armour skill increases to level 4!
The orc priest invokes the aid of Beogh against you.
Beogh smites you!
* * * LOW HITPOINT WARNING * * *
The ice beast hits you but does no damage.
As you read the scroll of immolation, it crumbles to dust.
The creatures around you are filled with an inner flame!
The ice beast hits you.
* * * LOW HITPOINT WARNING * * *
The ice beast freezes you!
You die...

..... ...
.....#### ##
... ...o<.#..
.#....
...o.#.##.#...
.hh........
#o.....#
#.oY...#
#.o@.<.#
#.#+#### #


You could see an ice beast (inner flame), an orc priest (inner flame), 2 orc
wizards, 2 orcs and 2 jackals.

Vanquished Creatures
  Purgy (Sewer)
  An ogre (D:4)
  A crimson imp (D:4)
  Natasha (thrice) (D:2)
  A worker ant (D:4)
  A killer bee zombie (D:5)
  Robin (D:2)
  2 adders (D:3)
  A river rat (D:3)
  A shadow imp (D:5)
  An ooze (D:2)
  A dart slug (D:3)
  3 leopard geckos
  An orc (D:4)
  3 ball pythons
  6 bats
  A giant cockroach (D:4)
  9 goblins
  5 hobgoblins (D:2)
  2 jackals (D:1)
  A quokka (D:4)
  3 frilled lizards
  2 kobolds
  A quokka skeleton (D:4)
  5 rats
57 creatures vanquished.

Notes
Turn   | Place    | Note
-------+----------+-------------------------------------------
     0 | D:1      | Knorrr the Minotaur Berserker began the quest for the Orb.
     0 | D:1      | Reached XP level 1. HP: 19/19 MP: 0/0
     6 | D:1      | Noticed a black bear
     6 | D:1      | Noticed a redback
     7 | D:1      | Noticed an anaconda
     7 | D:1      | Noticed a hog
   147 | D:1      | Reached XP level 2. HP: 13/27 MP: 1/1
   342 | D:1      | Reached skill level 4 in Axes
   699 | D:2      | Noticed Robin
   710 | D:2      | Killed Robin
   711 | D:2      | Reached XP level 3. HP: 33/33 MP: 2/2
   725 | D:2      | Noticed Natasha
   798 | D:2      | Killed Natasha
   826 | D:2      | Noticed Natasha
  1112 | D:2      | Killed Natasha
  1112 | D:2      | Reached XP level 4. HP: 31/41 MP: 3/3
  1210 | D:2      | Found a shattered altar of Ashenzari.
  1415 | D:2      | Noticed Natasha
  1427 | D:2      | Killed Natasha
  1427 | D:2      | Reached ** piety under Trog
  1427 | D:2      | Reached skill level 5 in Axes
  1642 | D:3      | Found a glowing drain.
  1651 | D:3      | Reached XP level 5. HP: 27/47 MP: 4/4
  1749 | D:3      | Reached skill level 5 in Fighting
  1773 | Sewer    | Entered a sewer
  1806 | Sewer    | Noticed Purgy
  1818 | Sewer    | Killed Purgy
  2208 | D:4      | Reached XP level 6. HP: 49/56 MP: 5/5
  2216 | D:4      | Reached skill level 6 in Axes
  2216 | D:4      | Reached skill level 1 in Stealth
  2331 | D:5      | Entered Level 5 of the Dungeon
  2333 | D:5      | Noticed an ice beast
  2343 | D:5      | Slain by an ice beast

Skill      XL: |  1  2  3  4  5  6 |
---------------+-------------------+-----
Axes           | 4 5 6 |  6.2
Fighting       | 4 5 |  5.3
Armour         | 3 4 |  4.1
Dodging        | 3 |  3.6
Stealth        | 1 |  1.0
Unarmed Combat | |  0.9
Evocations     | |  0.3

Action                   |  1- 3 |  4- 6 || total
-------------------------+-------+-------++-------
Melee: Hand axe          |    37 |    78 ||   115
       Headbutt          |     1 |    11 ||    12
       Unarmed           |    13 |       ||    13
Invok: Berserk           |     2 |     2 ||     4
Evoke: Wand              |       |     6 ||     6
  Use: Scroll            |     3 |     4 ||     7
  Eat: Chunk             |     2 |     3 ||     5
       Ration            |       |     1 ||     1
Armor: Animal skin       |    11 |     1 ||    12
       Ring mail         |       |    21 ||    21
       Scale mail        |       |    18 ||    18
Dodge: Dodged            |    34 |    58 ||    92
